 Dungeon Crawl Stone Soup version 0.30.0-15-g856e2d3f33 (webtiles) character file.

Game seed: 2621563588063721175

338 Persephone the Cudgeller (level 6, -2/37 HPs)
             Began as a Gargoyle Fighter on May 18, 2023.
             Was an Initiate of the Shining One.
             Slain by Sigmund
             ... wielding a +0 scythe
              (9 damage)
             ... on level 4 of the Dungeon on May 19, 2023.
             The game lasted 00:06:32 (2608 turns).

Persephone the Cudgeller (Gargoyle Fighter)         Turns: 2608, Time: 00:06:32

Health: -2/37      AC: 11    Str: 21    XL:     6   Next: 55%
Magic:  6/6        EV:  9    Int:  9    God:    the Shining One [......]
Gold:   218        SH:  4    Dex:  9    Spells: 5/5 levels left

rFire   . . .        a - +0 flail
rCold   . . .        c - +0 buckler
rNeg    + . .        b - +0 scale mail
rPois   ∞            (no helmet)
rElec   +            (no cloak)
rCorr   .            (no gloves)
SInv    .            (no boots)
Will    .....        (no amulet) Stlth
                     (no ring)
HPRegen 0.26/turn    (no ring)
MPRegen 0.10/turn

%: no passive effects
@: mighty, glowing
A: sickness immunity, AC +4, negative energy resistance 1, electricity
resistance, torment resistance 1, petrification resistance
a: Renounce Religion


You were on level 4 of the Dungeon.
You worshipped the Shining One.
The Shining One was noncommittal.
You visited 2 branches of the dungeon, and saw 5 of its levels.

You collected 218 gold pieces.

Inventory:

Hand Weapons
 a - a +0 flail (weapon)
 t - the +10 whip of Fortitude {pain, rCorr Int-5 SInv Stlth-}
   (You found it on level 4 of the Dungeon)

   Int:       It affects your intelligence (-5).
   SInv:      It lets you see invisible.
   rCorr:     It protects you from acid and corrosion.
   Stlth:     It makes you less stealthy.
   The Shining One disapproves of the use of such an item.
Armour
 b - a +0 scale mail (worn)
 c - a +0 buckler (worn)
 u - a +2 pair of gloves
Scrolls
 g - 2 scrolls of enchant weapon {unknown}
 h - a scroll of blinking {unknown}
 j - 6 scrolls of identify {unknown}
 m - 2 scrolls of enchant armour {unknown}
 n - a scroll of poison {unknown}
 o - a scroll of immolation {unknown}
 q - a scroll of summoning {unknown}
 s - a scroll of fog {unknown}
Potions
 d - a potion of might
 e - 2 potions of attraction {unknown}
 f - 3 potions of flight {unknown}
 i - a potion of curing {unknown}
 k - a potion of degeneration {unknown}
 l - a potion of berserk rage {unknown}
 p - a potion of mutation {unknown}
 r - a potion of brilliance {unknown}


   Skills:
 - Level 3.2 Fighting
 + Level 6.7 Maces & Flails
 - Level 3.2 Armour
 - Level 3.2 Shields


You had 5 spell levels left.
You didn't know any spells.
Your spell library contained the following spells:

 Spells                   Type           Power      Damage    Failure   Level
 Beastly Appendage        Tmut           0%         N/A       80%         1
 Necrotise                Necr           0%         1d4       80%         1
 Gell's Gravitas          Tloc           0%         N/A       99%         3
 Teleport Other           Tloc           0%         N/A       99%         3
 Vampiric Draining        Necr           0%         2d6       99%         3
 Summon Lightning Spire   Summ/Air       0%         N/A       100%        4
 Agony                    Necr           0%         N/A       100%        5
 Dispersal                Tloc           0%         N/A       100%        6
 Summon Cactus Giant      Summ           0%         N/A       100%        6
 Dragon's Call            Summ           0%         N/A       100%        9


Dungeon Overview and Level Annotations

Branches:
Dungeon (4/15)             Temple (1/1) D:4

Altars:
Fedhas
Hepliaklqana
Kikubaaqudgha
Nemelex Xobeh
Ru
Trog
Vehumet
Wu Jian
Xom
Zin
The Shining One

Shops:
D:1 [

Annotations:
D:4 Sigmund


Innate Abilities, Weirdness & Mutations

You are immune to sickness and miasma.
Your stone body is resilient. (AC +4)
You are immune to poison.
You resist negative energy. (rN+)
You are resistant to electric shocks. (rElec)
You are resistant to unholy torment.
You are immune to petrification.


Message History

The orc priest closely misses you.
You feel very mighty all of a sudden.
The orc priest mumbles some strange prayers to Beogh against you.
Pain shoots through your body!
You sock the orc priest!
The orc priest is severely wounded.
The orc priest hits you with a +0 hand axe.
You barely miss the orc. The orc hits you but does no damage.
Sigmund gestures wildly while chanting.
Sigmund flickers and vanishes!
Deactivating autopickup; reactivate with Ctrl-A.
You closely miss the orc. The orc hits you but does no damage.
You hit the orc but do no damage. You block something's attack.
The orc hits you but does no damage.
You barely miss the orc. The orc closely misses you.
You closely miss the orc. Something hits you.
The orc hits you with a +0 hand axe.
You sock the orc!
You kill the orc!
Something hits you but does no damage.
You thump the orc priest!
You kill the orc priest!
The Shining One accepts your kill.
You hear some strange, mumbled words.
A puff of flame appears from out of thin air!
The puff of flame misses you.
You hear some strange, mumbled words.
A puff of flame appears from out of thin air!
The puff of flame hits you!
* * * LOW HITPOINT WARNING * * *
Items here: $ )) [[ †.
You closely miss something.
You hear some strange, mumbled words.
A magic dart appears from out of thin air!
The magic dart hits you but does no damage.
You thump something!
You hear some strange, mumbled words.
Something tries to affect you, but you resist.
You closely miss something. Something hits you!
You die...

......## .#..... .....#..#
#....... .#..... .####..#
.... # ....#.# .....>## #.
.##.#.# ....##.
#.###.##.#.# #..... #.....
..#.# #....# #....###.#.#
#..>P#
#..o{.#.#.#######.....
#......#@#.#...........P#
......#.#.#.#............#
>.....+.#.................
..... #######.............
..... #............. ....
..........##### ....
...........# ............#
.....########


You could see an orc.

Vanquished Creatures
  A phantom (D:4)
  A scorpion (D:4)
  2 orc priests (D:4)
  Terence (D:3)
  3 adders (D:2)
  3 dart slugs (D:1)
  9 orcs
  6 ball pythons
  4 endoplasms
  A giant cockroach (D:2)
  5 goblins
  15 hobgoblins
  4 kobolds
  5 quokkas
  5 bats
  9 frilled lizards
  2 rats (D:1)
76 creatures vanquished.

Notes
Turn   | Place    | Note
-------+----------+-------------------------------------------
     0 | D:1      | Persephone the Gargoyle Fighter began the quest for the
                  | Orb.
     0 | D:1      | Reached XP level 1. HP: 14/14 MP: 1/1
    26 | D:1      | Found Ypneonkos's Armour Shoppe.
   114 | D:1      | Reached XP level 2. HP: 19/19 MP: 2/2
   276 | D:1      | Reached skill level 3 in Maces & Flails
   573 | D:1      | Reached XP level 3. HP: 23/23 MP: 3/3
  1063 | D:2      | Reached skill level 4 in Maces & Flails
  1131 | D:2      | Found a faded altar of an unknown god.
  1152 | D:2      | Reached XP level 4. HP: 10/28 MP: 4/4
  1409 | D:2      | Found a sparkling altar of Nemelex Xobeh.
  1692 | D:3      | Noticed Terence
  1702 | D:3      | Killed Terence
  1923 | D:3      | Reached skill level 5 in Maces & Flails
  1943 | D:3      | Reached XP level 5. HP: 32/32 MP: 5/5
  1973 | D:3      | Found an ancient bone altar of Kikubaaqudgha.
  2150 | D:4      | Got Sif Muna's Almanac of Metamorphosis and the Retinue
  2252 | D:4      | Identified the +10 whip of Fortitude {pain, rCorr Int-5
                  | SInv Stlth-}
  2299 | D:4      | Noticed a phantom
  2311 | D:4      | Killed a phantom
  2372 | D:4      | Reached skill level 6 in Maces & Flails
  2378 | D:4      | Reached XP level 6. HP: 33/37 MP: 6/6
  2443 | D:4      | Found a staircase to the Ecumenical Temple.
  2476 | Temple   | Entered the Ecumenical Temple
  2522 | Temple   | Became a worshipper of the Shining One
  2589 | D:4      | Noticed Sigmund
  2608 | D:4      | Slain by Sigmund

Illustrated notes

Levels and vault maps discovered:
D:1:      lemuel_arrival_rhombus, layout_basic, serial_shops, shop_statue,
          amcnicky_mini_corridor_feature
D:2:      layout_basic, basic_altar, hellmonk_ecumenical_altar_zigzags,
          uniq_crazy_yiuf_cottage
D:3:      layout_basic, kiku_gazebo_garden_becter, uniq_terence
D:4:      layout_basic, okawaru_metal_pillars_1_2,
          minmay_temple_entry_gardened_gates, minivault_24, uniq_sigmund
Temple:   jpeg_temple_island

Skill      XL: |  1  2  3  4  5 |
---------------+----------------+-----
Maces & Flails | 3 4 5 6 |  6.7
Fighting       | |  3.2
Armour         | |  3.2
Shields        | |  3.2

Action                     |  1- 3 |  4- 6 || total
---------------------------+-------+-------++-------
  Melee: Flail             |   135 |    84 ||   219
         Whip              |       |    29 ||    29
    Use: Potion            |       |     1 ||     1
 Armour: Scale mail        |    85 |    46 ||   131
  Dodge: Dodged            |    79 |    35 ||   114
  Block: Buckler           |    29 |    20 ||    49
